AoeStats
← RoR | Vodka_L_2

Arabian Desert

509377281Analyzed
1v1 RM · 6d ago on Sep 26, 2026· 24m 39s· 2 players
Game mode
Random Map
Map size
Tiny (2 player)
Population
200
Speed
Normal
Resources
Standard
Victory
Conquest
Starting age
Dark Age
Ending age
Imperial Age
RankedLock teamsTeams togetherTeam positionsShared explorationLock speedFull tech treeHidden civsTurbo modeCheats
Victory
Defeat
🇮🇹 Danes · Italy
2568
+21
2679
-21
RoR | Vodka_L_2
6:13 Loom
8:54 Feudal Age
9:46 Man-at-Arms
14:20 Fletching
16:10 Double-Bit Axe
17:43 Scale Mail Armor
18:31 Horse Collar
22:55 Castle Age
21:41 Forging
23:53 Bow Saw
23:29 Town Watch
Thành Cổ Quảng Trị
8:13 Loom
10:29 Feudal Age
10:48 Man-at-Arms
11:26 Double-Bit Axe
12:51 Horse Collar
22:34 Castle Age
21:56 Gold Mining
23:44 Bow Saw
Connection lost

Rejoining the realm…

Still unreachable

The connection could not be restored.

Session expired

The server has moved on; the page needs a fresh start.